 Dungeon Crawl Stone Soup version 0.31-a0-816-gd61d57ddb1 (webtiles) character file.

Game seed: 11538556005420188843

203 mopl the Insei (level 5, -1/34 HPs)
             Began as an Octopode Shapeshifter on Sept 22, 2023.
             Splashed by a jelly's acid (9 damage)
             ... on level 4 of the Dungeon.
             The game lasted 00:02:26 (2316 turns).

mopl the Insei (Octopode Shapeshifter)              Turns: 2316, Time: 00:02:26

Health: -1/34      AC: -11   Str: 13    XL:     5   Next: 81%
Magic:  5/5        EV: 14    Int: 13    God:
Gold:   208        SH:  0    Dex: 18    Spells: 4/4 levels left

rFire   . . .        j - +12 mace "Rasoubeg" {holy, rF- rC+++ rN+ Dex+5}
rCold   + + .        (no shield)
rNeg    + . .        (helmet currently unavailable)
rPois   .            (no amulet)
rElec   .            f - ring of fire
rCorr   .            (no ring)
SInv    .            (no ring)
Will    .....        (no ring)
Stlth   +++          (no ring)
HPRegen 0.25/turn    (no ring)
MPRegen 0.09/turn    (no ring)
                     (no ring)

%: no passive effects
@: beast-form, corroded, studying Dodging
A: beast (slay +2), almost no armour, amphibious, 8 rings, camouflage 1,
gelatinous body 1, (nimble swimmer 1), tentacles
a: Begin Untransformation


You were on level 4 of the Dungeon.
You were a hulking beast.
You visited 1 branch of the dungeon, and saw 4 of its levels.

You collected 208 gold pieces.

Inventory:

Hand Weapons
 j - the +12 mace "Rasoubeg" (weapon) {holy, rF- rC+++ rN+ Dex+5}
   (You found it on level 2 of the Dungeon)

   Dex+5:     It affects your dexterity (+5).
   rF-:       It makes you vulnerable to fire.
   rC+++:     It renders you almost immune to cold.
   rN+:       It protects you from negative energy.
Missiles
 r - 5 poisoned darts
 t - 3 boomerangs
Armour
 p - a +0 kite shield
Jewellery
 f - a ring of fire (left tentacle)
Talismans
 b - a beast talisman (active)
 c - a flux talisman
 h - a blade talisman
Scrolls
 e - 3 scrolls of identify {unknown}
 g - 2 scrolls of fog {unknown}
 i - a scroll of torment {unknown}
 k - a scroll of immolation {unknown}
 l - a scroll of silence {unknown}
 m - a scroll of revelation {unknown}
 s - 3 scrolls of enchant weapon {unknown}
 u - a scroll of teleportation {unknown}
 v - 3 scrolls of enchant armour {unknown}
 w - a scroll of vulnerability {unknown}
Potions
 a - 2 potions of lignification {!q}
 d - 2 potions of curing
 n - a potion of berserk rage {unknown}
 o - 2 potions of mutation {unknown}
 q - a potion of heal wounds {unknown}


   Skills:
 + Level 2.2 Fighting
 + Level 3.1 Dodging
 + Level 1.1 Shields
 * Level 4.2 Unarmed Combat
 * Level 4.0 Shapeshifting


You had 4 spell levels left.
You didn't know any spells.
Your spell library was empty.

Dungeon Overview and Level Annotations

Branches:
Dungeon (4/15)
 Temple: D:4-7

Altars:
Cheibriados

Shops:
D:1 (


Innate Abilities, Weirdness & Mutations

You are a hulking beast.
Your limbs bulge with bestial killing power. (Slay +2)
You cannot wear most types of armour.
You are amphibious.
You can wear up to eight rings at the same time.
Your skin changes colour to match your surroundings (Stealth+).
Your rubbery body absorbs attacks. (AC +1, EV +1)
((You are camouflaged when in or above water. (Stealth+)))
You have tentacles for arms and can constrict up to eight enemies at once.


Message History

A ball python comes into view.
The ball python hisses angrily.
A ball python is nearby!
The ball python closely misses you. The ball python barely misses you.
You sock the ball python!
You kill the ball python!
No target in view!
As you open the door, it creaks loudly!
You hear a shout!
An orc wizard comes into view. It is wielding a +0 dagger.
Found four items.
A jelly comes into view.
There is an open door here. 2 orcs come into view.
An orc is wielding a +2 heavy war axe.
The orc shouts!
The orc moves out of view.
You see here a scroll labelled HUOHICZU YLEFA.
An orc comes into view. It is wielding a +0 hand axe.
The orc wizard casts a spell at you. The puff of flame hits you!
You sock the orc wizard! Your grab misses the orc wizard.
The orc wizard is heavily wounded.
The orc wizard barely misses you.
An orc comes into view. It is wielding a +0 war axe.
The jelly hits you.
You are splashed with acid!
The orc moves out of view.
Unknown command.
The orc wizard closely misses you. The jelly attacks as it pursues you!
The jelly misses you.
You thump the orc wizard!
You kill the orc wizard!
You completely miss the jelly. The jelly completely misses you.
You hit the jelly. The acid corrodes you!
Your tentacles burn!
The jelly is moderately wounded.
The jelly barely misses you. The jelly hits you. The acid corrodes you!
You are splashed with acid!
* * * LOW HITPOINT WARNING * * *
Unknown command.
It was a potion of curing.
You feel better. The jelly hits you.
* * * LOW HITPOINT WARNING * * *
The acid corrodes you!
You are splashed with acid!
You die...

## .. .#
..# ###?.##
##.#..o#
####o(.#..#
+.hJo.....#
####o?.#..#
###'####
...
##......##
#
#........#
#+#
#....♣...#
###### #.#
#..♣♣♣.†.#
#....# #.#
#...♣♣♣..#
#.##.#
##.##
#...♣....#


You could see a jelly and 4 orcs.

Vanquished Creatures
  2 orc wizards
  Robin (D:4)
  6 adders
  2 worms
  A dart slug (D:3)
  4 orcs (D:3)
  7 ball pythons
  4 bats
  3 endoplasms
  2 giant cockroaches
  15 goblins
  6 hobgoblins
  2 quokkas
  2 frilled lizards (D:2)
  2 kobolds
  3 rats
62 creatures vanquished.

Vanquished Creatures (others)
  An orc wizard (D:3)
1 creature vanquished.

Grand Total: 63 creatures vanquished

Notes
Turn   | Place    | Note
-------+----------+-------------------------------------------
     0 | D:1      | mopl the Octopode Shapeshifter began the quest for the Orb.
     0 | D:1      | Reached XP level 1. HP: 13/13 MP: 1/1
    57 | D:1      | Found Tuiromn's Antique Weapon Boutique.
    92 | D:1      | Reached XP level 2. HP: 12/18 MP: 2/2
   244 | D:1      | Found a faded altar of an unknown god.
   245 | D:1      | Noticed a shining eye
   249 | D:1      | Noticed a golden eye
   254 | D:1      | Noticed a great orb of eyes
   257 | D:1      | Noticed an eye of devastation
   555 | D:2      | Identified the +12 mace "Rasoubeg" {holy, rF- rC+++ rN+
                  | Dex+5}
   673 | D:2      | Reached XP level 3. HP: 22/23 MP: 3/3
   864 | D:2      | Reached XP level 4. HP: 13/28 MP: 4/4
  1486 | D:3      | Reached skill level 2 in Fighting
  1486 | D:3      | Reached skill level 4 in Unarmed Combat
  1486 | D:3      | Reached XP level 5. HP: 15/34 MP: 5/5
  1994 | D:4      | Noticed Robin
  2012 | D:4      | Killed Robin
  2127 | D:4      | Reached skill level 3 in Dodging
  2237 | D:4      | Found a snail-covered altar of Cheibriados.
  2260 | D:4      | Reached skill level 1 in Shields
  2267 | D:4      | Reached skill level 4 in Shapeshifting
  2315 | D:4      | HP: 1/34 [acid (10)]
  2316 | D:4      | Splashed by a jelly's acid

Illustrated notes

Levels and vault maps discovered:
D:1:      scummos_arrival_hexagon, layout_basic, serial_shops, shop,
          hellmonk_ecumenical_altar_watching_god
D:2:      wander_river, layout_basic
D:3:      layout_loops_ring
D:4:      layout_loops_corners, overflow_temple_1_default,
          gammafunk_ghost_grave, minmay_misc_feat_four_crosses,
          kennysheep_another_room, uniq_robin

Skill      XL: |  1  2  3  4  5 |
---------------+----------------+-----
Fighting       | 2 |  2.2
Unarmed Combat | 4 |  4.2
Dodging        | 3 |  3.1
Shields        | 1 |  1.1
Shapeshifting  | 4 |  4.0

Action                     |  1- 3 |  4- 6 || total
---------------------------+-------+-------++-------
  Melee: Unarmed           |    26 |       ||    26
         Constrict         |     7 |    11 ||    18
         Punch             |     2 |     1 ||     3
         Tentacles         |     5 |     4 ||     9
         Mace              |    18 |    55 ||    73
    Use: Potion            |       |     1 ||     1
   Stab: Sleeping          |     7 |     4 ||    11
         Distracted        |     1 |       ||     1
 Armour: Skin              |    14 |    23 ||    37
  Dodge: Dodged            |    29 |    39 ||    68

Table legend: (Time is in decaauts)
 A = Elapsed time spent in this place.
 B = Non-inter-level travel time spent in this place.
 C = Inter-level travel time spent in this place.
 D = Time resting spent in this place.
 E = Time spent auto-exploring this place.
 F = Levels seen in this place.
 G = Mean time per level.
                   A        B        C        D        E       F      G
               +--------+--------+--------+--------+--------+-----+--------+
         Total |   2342 |   2248 |     94 |    132 |   1694 |   4 |  585.5 |
       Dungeon |   2342 |   2248 |     94 |    132 |   1694 |   4 |  585.5 |
               +--------+--------+--------+--------+--------+-----+--------+

Top non-repeatable levels by time:
     D:2: 743 daAuts
     D:3: 702 daAuts
     D:1: 544 daAuts
     D:4: 352 daAuts
